Wild vs Kings

Created - November 21 2010 at 10:49

Goals
1 2 3 T
Wild 2 3 0 5
Kings 1 1 0 2
Shots
1 2 3 T
Wild 7 13 12 32
Kings 5 7 3 15

Period #1

1. Wild , Milan Hejduk 6 (Ryan Whitney, Michal Rozsival) at 8:08
2. Wild , Joe Pavelski 9 (Milan Hejduk) at 8:14
3. Kings , Mike Lundin 2 (Kent Huskins, Jay Pandolfo) at 14:47 (PP)

Penalties :
Christopher Higgins (MIN) for Roughing (Minor) at 0:15, Darroll Powe (LOS) for Fighting (Major) at 0:44, Rob Niedermayer (MIN) for Fighting (Major) at 0:44, Darroll Powe (LOS) for instigated a fight (Game Misconduct) at 0:44, Freddy Meyer (MIN) for Hooking (Minor) at 1:13, Bryan Allen (LOS) for Interference (Minor) at 9:53, Chris Drury (MIN) for Hooking (Minor) at 13:12, Freddy Meyer (MIN) for Hooking (Minor) at 17:00

Period #2

4. Wild , Martin St. Louis 11 (Daniel Alfredsson, Chris Drury) at 0:08
5. Kings , Sean Bergenheim 7 (Jamie McBain, Matt Duchene) at 8:24
6. Wild , Rob Niedermayer 4 (Martin St. Louis, Milan Hejduk) at 12:15
7. Wild , Chris Drury 4 (Daniel Alfredsson, Martin St. Louis) at 17:12

Penalties :
Ethan Moreau (LOS) for Hooking (Minor) at 7:01, Robert Lang (MIN) for Elbowing (Minor) at 7:36, Byron Bitz (LOS) for Tripping (Minor) at 10:12, Kent Huskins (LOS) for Interference (Minor) at 12:24

Period #3

No Goal

Penalties :
Chris Chelios (LOS) for Roughing (Minor) at 1:58, Colton Orr (LOS) for Interference (Minor) at 7:33, Greg Zanon (MIN) for Holding (Minor) at 10:20, Sean Bergenheim (LOS) for Tripping (Minor) at 15:08

Goalie Stats

Ilya Bryzgalov (MIN), 13 saves from 15 shots - (0.867), W, 12-7-2, 60:00 minutes
Ondrej Pavelec (LOS), 14 saves from 14 shots - (1.000), 22:48 minutes
Nikolai Khabibulin (LOS), 13 saves from 18 shots - (0.722), L, 3-6-0, 37:12 minutes

Players Stats

Wild
Player Name              G  A  P  +/- PIM S  H  SB FO    MP 
------------------------------------------------------------
Aaron Ward               0  0  0   1  0   0  1  1  0/0   14 
Brian Willsie            0  0  0   1  0   2  0  0  0/0   14 
Chris Drury              1  1  2   1  2   4  2  0  15/23 16 
Christopher Higgins      0  0  0   2  2   0  2  0  1/2   20 
Daniel Alfredsson        0  2  2   2  0   4  0  0  4/5   22 
Freddy Meyer             0  0  0  -1  4   1  1  1  0/0   19 
Greg Zanon               0  0  0   2  2   0  2  2  0/0   20 
Jan Hejda                0  0  0   3  0   1  0  0  0/0   21 
Jay Leach                0  0  0   0  0   0  0  0  0/0   0  
Joe Pavelski             1  0  1   2  0   7  3  1  11/24 21 
Martin St. Louis         1  2  3   1  0   4  0  0  1/1   20 
Michal Rozsival          0  1  1   2  2   0  7  1  0/0   22 
Milan Hejduk             1  2  3   2  0   3  0  0  0/0   18 
Olli Jokinen             0  0  0   0  0   0  1  0  4/8   7  
Rob Niedermayer          1  0  1   1  5   5  2  0  8/13  15 
Robert Lang              0  0  0   0  2   1  0  0  0/0   2  
Ryan Whitney             0  1  1   1  0   0  0  1  0/0   22 
Stephane Yelle           0  0  0   1  0   0  1  0  0/0   14 
Kings
Player Name              G  A  P  +/- PIM S  H  SB FO    MP 
------------------------------------------------------------
Aaron Gagnon             0  0  0  -1  0   2  0  0  3/11  12 
Bryan Allen              0  0  0  -1  2   0  5  2  0/0   21 
Byron Bitz               0  0  0  -2  2   1  0  0  2/3   14 
Chris Chelios            0  0  0  -2  2   0  1  0  0/0   13 
Colton Orr               0  0  0  -1  2   0  4  0  0/0   11 
Craig Adams              0  0  0  -2  0   0  2  1  0/1   20 
Craig Conroy             0  0  0  -2  0   0  0  0  5/12  17 
Daniel Winnik            0  0  0  -1  0   0  1  0  6/15  21 
Darroll Powe             0  0  0   0  15  0  0  0  1/2   0  
Ethan Moreau             0  0  0  -1  2   2  3  1  0/0   14 
Jamie McBain             0  1  1  -1  0   1  1  0  0/0   23 
Jay Pandolfo             0  1  1  -1  0   0  0  1  1/2   13 
Kent Huskins             0  1  1  -2  2   2  1  1  0/0   20 
Matt Duchene             0  1  1  -1  0   2  0  0  12/24 21 
Michael Del Zotto        0  0  0  -1  0   2  3  0  0/0   21 
Michael Frolik           0  0  0  -1  0   0  1  0  0/2   11 
Mike Lundin              1  0  1  -1  0   2  1  1  0/0   18 
Sean Bergenheim          1  0  1   0  2   1  2  0  2/4   15 

3 Stars

1 - Milan Hejduk (MIN)
2 - Martin St. Louis (MIN)
3 - Joe Pavelski (MIN)

Power Play

Wild - 0 on 8 Attempt(s) - 0.00%
Kings - 1 on 6 Attempt(s) - 16.67%

Penalty Kill

Wild - 5 on 6 Attempt(s) - 83.33% - Score 0 goal in Penalty Kill
Kings - 8 on 8 Attempt(s) - 100.00% - Score 0 goal in Penalty Kill

Game Notes

Rob Niedermayer beats up Darroll Powe at 0:44 of 1st period
Darroll Powe ejected from game at 0:44 of 1st period
Ondrej Pavelec enters game at 17:12 of 2nd period

Finance

Level 1 -- Attendance: 5851 (90.02%) -- Ticket Income $468,080.00
Level 2 -- Attendance: 4395 (87.90%) -- Ticket Income $219,750.00
Level 3 -- Attendance: 2855 (81.57%) -- Ticket Income $99,925.00
Level 4 -- Attendance: 2118 (100.00%) -- Ticket Income $42,360.00
Luxury Box -- Attendance: 768 (76.80%) -- Ticket Income $153,600.00
Game was played at the Staples Center
Total Attendance: 15987 (88.24%)
Total Ticket Income: $1,041,641.00
Other Income: $164,725.50
Total Income: $1,206,367.00


Play by Play

Period #1

0:01 of 1st period - Chris Drury wins face-off versus Matt Duchene in neutral zone.
0:14 of 1st period - Shot by Chris Drury.
0:14 of 1st period - Stopped by Nikolai Khabibulin without a rebound.
0:15 of 1st period - Darroll Powe wins face-off versus Joe Pavelski in Kings zone.
0:15 of 1st period - Minor Penalty to Christopher Higgins for Roughing.
0:16 of 1st period - Rob Niedermayer wins face-off versus Darroll Powe in Wild zone.
0:16 of 1st period - Rob Niedermayer is hit by Ethan Moreau.
0:44 of 1st period - Rob Niedermayer beats up Darroll Powe.
0:44 of 1st period - Penalty to Darroll Powe for Fighting.
0:44 of 1st period - Penalty to Rob Niedermayer for Fighting.
0:44 of 1st period - Penalty to Darroll Powe for instigated a fight.
0:44 of 1st period - Darroll Powe is ejected from game.
0:45 of 1st period - Chris Drury wins face-off versus Matt Duchene in neutral zone.
1:13 of 1st period - Minor Penalty to Freddy Meyer for Hooking.
1:14 of 1st period - Daniel Alfredsson wins face-off versus Daniel Winnik in Wild zone.
1:22 of 1st period - Icing by Michael Del Zotto.
1:23 of 1st period - Daniel Alfredsson wins face-off versus Daniel Winnik in Kings zone.
2:53 of 1st period - Michael Frolik is hit by Greg Zanon and loses puck.
4:42 of 1st period - Ryan Whitney is hit by Colton Orr and loses puck.
5:02 of 1st period - Shot by Milan Hejduk.
5:02 of 1st period - Shot Misses the Net.
5:32 of 1st period - Icing by Kent Huskins.
5:33 of 1st period - Daniel Alfredsson wins face-off versus Matt Duchene in Kings zone.
5:56 of 1st period - Off-side.
5:57 of 1st period - Chris Drury wins face-off versus Craig Conroy in neutral zone.
6:00 of 1st period - Shot by Chris Drury.
6:00 of 1st period - Stopped by Nikolai Khabibulin without a rebound.
6:01 of 1st period - Byron Bitz wins face-off versus Chris Drury in Kings zone.
6:10 of 1st period - Shot by Byron Bitz.
6:10 of 1st period - Shot Misses the Net.
6:14 of 1st period - Shot by Mike Lundin.
6:14 of 1st period - Shot Misses the Net.
6:16 of 1st period - Shot by Craig Adams.
6:16 of 1st period - Shot Misses the Net.
7:10 of 1st period - Icing by Aaron Gagnon.
7:11 of 1st period - Rob Niedermayer wins face-off versus Aaron Gagnon in Kings zone.
7:44 of 1st period - Shot by Rob Niedermayer.
7:44 of 1st period - Shot Misses the Net.
8:08 of 1st period - Shot by Milan Hejduk.
8:08 of 1st period - Goal by Milan Hejduk - Wild : 1 - Kings : 0.
8:09 of 1st period - Joe Pavelski wins face-off versus Matt Duchene in neutral zone.
8:11 of 1st period - Milan Hejduk is hit by Michael Del Zotto and loses puck.
8:14 of 1st period - Shot by Joe Pavelski.
8:14 of 1st period - Goal by Joe Pavelski - Wild : 2 - Kings : 0.
8:15 of 1st period - Matt Duchene wins face-off versus Joe Pavelski in neutral zone.
9:06 of 1st period - Mike Lundin is hit by Rob Niedermayer and loses puck.
9:20 of 1st period - Shot by Craig Adams.
9:20 of 1st period - Deflect By Byron Bitz.
9:20 of 1st period - Shot Blocked by Freddy Meyer.
9:22 of 1st period - Shot by Mike Lundin.
9:22 of 1st period - Stopped by Ilya Bryzgalov with a rebound.
9:24 of 1st period - Shot by Craig Adams.
9:24 of 1st period - Shot Misses the Net.
9:28 of 1st period - Shot by Craig Adams.
9:28 of 1st period - Shot Misses the Net.
9:35 of 1st period - Rob Niedermayer is hit by Mike Lundin and loses puck.
9:53 of 1st period - Minor Penalty to Bryan Allen for Interference.
9:54 of 1st period - Joe Pavelski wins face-off versus Matt Duchene in Kings zone.
10:04 of 1st period - Shot by Martin St. Louis.
10:04 of 1st period - Stopped by Nikolai Khabibulin without a rebound.
10:05 of 1st period - Olli Jokinen wins face-off versus Daniel Winnik in Kings zone.
10:39 of 1st period - Daniel Alfredsson is hit by Jamie McBain.
12:31 of 1st period - Jamie McBain is hit by Rob Niedermayer.
12:55 of 1st period - Shot by Daniel Alfredsson.
12:55 of 1st period - Deflect By Martin St. Louis.
12:55 of 1st period - Shot Misses the Net.
12:57 of 1st period - Shot by Daniel Alfredsson.
12:57 of 1st period - Stopped by Nikolai Khabibulin without a rebound.
12:58 of 1st period - Joe Pavelski wins face-off versus Byron Bitz in Kings zone.
13:04 of 1st period - Icing by Byron Bitz.
13:05 of 1st period - Chris Drury wins face-off versus Craig Conroy in Kings zone.
13:05 of 1st period - Chris Drury is hit by Chris Chelios.
13:12 of 1st period - Minor Penalty to Chris Drury for Hooking.
13:13 of 1st period - Sean Bergenheim wins face-off versus Rob Niedermayer in Wild zone.
13:44 of 1st period - Greg Zanon is hit by Sean Bergenheim and loses puck.
13:57 of 1st period - Shot by Matt Duchene.
13:57 of 1st period - Stopped by Ilya Bryzgalov with a rebound.
13:59 of 1st period - Shot by Craig Adams.
13:59 of 1st period - Shot Misses the Net.
14:01 of 1st period - Shot by Craig Adams.
14:01 of 1st period - Shot Blocked by Ryan Whitney.
14:03 of 1st period - Shot by Craig Adams.
14:03 of 1st period - Shot Misses the Net.
14:05 of 1st period - Shot by Bryan Allen.
14:05 of 1st period - Shot Blocked by Greg Zanon.
14:19 of 1st period - Shot by Michael Frolik.
14:19 of 1st period - Shot Misses the Net.
14:35 of 1st period - Shot by Mike Lundin.
14:35 of 1st period - Shot Misses the Net.
14:41 of 1st period - Shot by Kent Huskins.
14:41 of 1st period - Stopped by Ilya Bryzgalov with a rebound.
14:43 of 1st period - Shot by Mike Lundin.
14:43 of 1st period - Shot Misses the Net.
14:45 of 1st period - Shot by Mike Lundin.
14:45 of 1st period - Shot Misses the Net.
14:47 of 1st period - Shot by Mike Lundin.
14:47 of 1st period - Goal by Mike Lundin - Wild : 2 - Kings : 1.
14:48 of 1st period - Craig Conroy wins face-off versus Joe Pavelski in neutral zone.
15:02 of 1st period - Shot by Craig Adams.
15:02 of 1st period - Shot Misses the Net.
15:04 of 1st period - Shot by Craig Adams.
15:04 of 1st period - Shot Misses the Net.
15:40 of 1st period - Shot by Stephane Yelle.
15:40 of 1st period - Shot Misses the Net.
15:42 of 1st period - Shot by Rob Niedermayer.
15:42 of 1st period - Stopped by Nikolai Khabibulin without a rebound.
15:43 of 1st period - Chris Drury wins face-off versus Matt Duchene in Kings zone.
17:00 of 1st period - Minor Penalty to Freddy Meyer for Hooking.
17:01 of 1st period - Daniel Alfredsson wins face-off versus Aaron Gagnon in Wild zone.
17:01 of 1st period - Michal Rozsival is hit by Ethan Moreau and loses puck.
17:12 of 1st period - Shot by Ethan Moreau.
17:12 of 1st period - Stopped by Ilya Bryzgalov without a rebound.
17:13 of 1st period - Martin St. Louis wins face-off versus Michael Frolik in Wild zone.
17:28 of 1st period - Daniel Alfredsson is hit by Michael Frolik and loses puck.
18:01 of 1st period - Shot by Kent Huskins.
18:01 of 1st period - Shot Blocked by Joe Pavelski.
19:28 of 1st period - Off-side.
19:29 of 1st period - Joe Pavelski wins face-off versus Sean Bergenheim in neutral zone.
19:43 of 1st period - Shot by Ethan Moreau.
19:43 of 1st period - Shot Misses the Net.

Period #2

0:01 of 2nd period - Chris Drury wins face-off versus Matt Duchene in neutral zone.
0:08 of 2nd period - Shot by Martin St. Louis.
0:08 of 2nd period - Goal by Martin St. Louis - Wild : 3 - Kings : 1.
0:09 of 2nd period - Joe Pavelski wins face-off versus Matt Duchene in neutral zone.
0:12 of 2nd period - Shot by Ryan Whitney.
0:12 of 2nd period - Shot Misses the Net.
0:14 of 2nd period - Shot by Joe Pavelski.
0:14 of 2nd period - Shot Blocked by Kent Huskins.
0:21 of 2nd period - Icing by Daniel Winnik.
0:22 of 2nd period - Matt Duchene wins face-off versus Chris Drury in Kings zone.
0:22 of 2nd period - Matt Duchene is hit by Chris Drury.
1:23 of 2nd period - Mike Lundin is hit by Michal Rozsival and loses puck.
1:48 of 2nd period - Shot by Aaron Gagnon.
1:48 of 2nd period - Stopped by Ilya Bryzgalov without a rebound.
1:49 of 2nd period - Jay Pandolfo wins face-off versus Rob Niedermayer in Wild zone.
2:07 of 2nd period - Rob Niedermayer is hit by Colton Orr and loses puck.
2:26 of 2nd period - Shot by Jay Pandolfo.
2:26 of 2nd period - Shot Misses the Net.
3:40 of 2nd period - Icing by Aaron Ward.
3:41 of 2nd period - Matt Duchene wins face-off versus Rob Niedermayer in Wild zone.
3:42 of 2nd period - Shot by Jamie McBain.
3:42 of 2nd period - Deflect By Matt Duchene.
3:42 of 2nd period - Shot Misses the Net.
3:46 of 2nd period - Shot by Michael Frolik.
3:46 of 2nd period - Shot Blocked by Aaron Ward.
3:48 of 2nd period - Shot by Sean Bergenheim.
3:48 of 2nd period - Shot Misses the Net.
3:50 of 2nd period - Shot by Bryan Allen.
3:50 of 2nd period - Shot Misses the Net.
3:52 of 2nd period - Shot by Jamie McBain.
3:52 of 2nd period - Stopped by Ilya Bryzgalov without a rebound.
3:53 of 2nd period - Aaron Gagnon wins face-off versus Chris Drury in Wild zone.
3:56 of 2nd period - Shot by Colton Orr.
3:56 of 2nd period - Deflect By Aaron Gagnon.
3:56 of 2nd period - Stopped by Ilya Bryzgalov without a rebound.
3:57 of 2nd period - Aaron Gagnon wins face-off versus Joe Pavelski in Wild zone.
3:57 of 2nd period - Aaron Gagnon is hit by Michal Rozsival.
4:07 of 2nd period - Ryan Whitney is hit by Colton Orr.
4:08 of 2nd period - Icing by Ryan Whitney.
4:09 of 2nd period - Sean Bergenheim wins face-off versus Joe Pavelski in Wild zone.
4:32 of 2nd period - Shot by Joe Pavelski.
4:32 of 2nd period - Shot Misses the Net.
4:39 of 2nd period - Michael Del Zotto is hit by Michal Rozsival.
5:21 of 2nd period - Shot by Daniel Alfredsson.
5:21 of 2nd period - Shot Hit the Post.
6:16 of 2nd period - Icing by Michal Rozsival.
6:17 of 2nd period - Joe Pavelski wins face-off versus Matt Duchene in Wild zone.
6:32 of 2nd period - Shot by Matt Duchene.
6:32 of 2nd period - Shot Misses the Net.
6:44 of 2nd period - Shot by Martin St. Louis.
6:44 of 2nd period - Stopped by Nikolai Khabibulin without a rebound.
6:45 of 2nd period - Rob Niedermayer wins face-off versus Craig Conroy in Kings zone.
6:45 of 2nd period - Freddy Meyer is hit by Michael Del Zotto and loses puck.
7:01 of 2nd period - Minor Penalty to Ethan Moreau for Hooking.
7:02 of 2nd period - Daniel Winnik wins face-off versus Olli Jokinen in Kings zone.
7:36 of 2nd period - Minor Penalty to Robert Lang for Elbowing.
7:37 of 2nd period - Chris Drury wins face-off versus Daniel Winnik in Wild zone.
8:00 of 2nd period - Off-side.
8:01 of 2nd period - Daniel Winnik wins face-off versus Daniel Alfredsson in neutral zone.
8:18 of 2nd period - Shot by Kent Huskins.
8:18 of 2nd period - Stopped by Ilya Bryzgalov without a rebound.
8:19 of 2nd period - Matt Duchene wins face-off versus Chris Drury in Wild zone.
8:24 of 2nd period - Shot by Sean Bergenheim.
8:24 of 2nd period - Goal by Sean Bergenheim - Wild : 3 - Kings : 2.
8:25 of 2nd period - Matt Duchene wins face-off versus Chris Drury in neutral zone.
8:32 of 2nd period - Shot by Matt Duchene.
8:32 of 2nd period - Stopped by Ilya Bryzgalov without a rebound.
8:33 of 2nd period - Daniel Winnik wins face-off versus Joe Pavelski in Wild zone.
8:44 of 2nd period - Kent Huskins is hit by Joe Pavelski and loses puck.
10:12 of 2nd period - Minor Penalty to Byron Bitz for Tripping.
10:13 of 2nd period - Joe Pavelski wins face-off versus Daniel Winnik in Kings zone.
11:42 of 2nd period - Off-side.
11:43 of 2nd period - Daniel Winnik wins face-off versus Joe Pavelski in neutral zone.
11:56 of 2nd period - Sean Bergenheim is hit by Joe Pavelski and loses puck.
12:03 of 2nd period - Shot by Milan Hejduk.
12:03 of 2nd period - Shot Misses the Net.
12:05 of 2nd period - Shot by Joe Pavelski.
12:05 of 2nd period - Shot Misses the Net.
12:07 of 2nd period - Shot by Michal Rozsival.
12:07 of 2nd period - Shot Misses the Net.
12:09 of 2nd period - Shot by Milan Hejduk.
12:09 of 2nd period - Shot Misses the Net.
12:13 of 2nd period - Shot by Martin St. Louis.
12:13 of 2nd period - Shot Misses the Net.
12:15 of 2nd period - Shot by Rob Niedermayer.
12:15 of 2nd period - Goal by Rob Niedermayer - Wild : 4 - Kings : 2.
12:16 of 2nd period - Rob Niedermayer wins face-off versus Michael Frolik in neutral zone.
12:24 of 2nd period - Minor Penalty to Kent Huskins for Interference.
12:25 of 2nd period - Olli Jokinen wins face-off versus Daniel Winnik in Kings zone.
12:28 of 2nd period - Shot by Jan Hejda.
12:28 of 2nd period - Stopped by Nikolai Khabibulin without a rebound.
12:29 of 2nd period - Daniel Winnik wins face-off versus Christopher Higgins in Kings zone.
12:42 of 2nd period - Shot by Freddy Meyer.
12:42 of 2nd period - Stopped by Nikolai Khabibulin without a rebound.
12:43 of 2nd period - Christopher Higgins wins face-off versus Sean Bergenheim in Kings zone.
14:29 of 2nd period - Freddy Meyer is hit by Kent Huskins and loses puck.
14:35 of 2nd period - Shot by Freddy Meyer.
14:35 of 2nd period - Shot Misses the Net.
14:37 of 2nd period - Shot by Stephane Yelle.
14:37 of 2nd period - Shot Misses the Net.
14:39 of 2nd period - Shot by Freddy Meyer.
14:39 of 2nd period - Shot Blocked by Ethan Moreau.
14:41 of 2nd period - Shot by Rob Niedermayer.
14:41 of 2nd period - Stopped by Nikolai Khabibulin without a rebound.
14:42 of 2nd period - Aaron Gagnon wins face-off versus Rob Niedermayer in Kings zone.
14:42 of 2nd period - Aaron Gagnon is hit by Stephane Yelle.
14:47 of 2nd period - Bryan Allen is hit by Freddy Meyer and loses puck.
14:55 of 2nd period - Freddy Meyer is hit by Bryan Allen and loses puck.
14:59 of 2nd period - Brian Willsie is hit by Bryan Allen.
15:05 of 2nd period - Shot by Rob Niedermayer.
15:05 of 2nd period - Stopped by Nikolai Khabibulin with a rebound.
15:07 of 2nd period - Shot by Rob Niedermayer.
15:07 of 2nd period - Deflect By Stephane Yelle.
15:07 of 2nd period - Shot Misses the Net.
15:11 of 2nd period - Shot by Brian Willsie.
15:11 of 2nd period - Stopped by Nikolai Khabibulin without a rebound.
15:12 of 2nd period - Matt Duchene wins face-off versus Chris Drury in Kings zone.
15:19 of 2nd period - Shot by Ethan Moreau.
15:19 of 2nd period - Shot Misses the Net.
16:03 of 2nd period - Shot by Joe Pavelski.
16:03 of 2nd period - Stopped by Nikolai Khabibulin without a rebound.
16:04 of 2nd period - Byron Bitz wins face-off versus Rob Niedermayer in Kings zone.
16:42 of 2nd period - Craig Adams is hit by Michal Rozsival and loses puck.
16:54 of 2nd period - Off-side.
16:55 of 2nd period - Chris Drury wins face-off versus Jay Pandolfo in neutral zone.
16:58 of 2nd period - Shot by Daniel Alfredsson.
16:58 of 2nd period - Deflect By Chris Drury.
16:58 of 2nd period - Stopped by Nikolai Khabibulin without a rebound.
16:59 of 2nd period - Chris Drury wins face-off versus Aaron Gagnon in Kings zone.
17:12 of 2nd period - Shot by Chris Drury.
17:12 of 2nd period - Goal by Chris Drury - Wild : 5 - Kings : 2.
17:12 of 2nd period - Ondrej Pavelec enters game.
17:13 of 2nd period - Matt Duchene wins face-off versus Joe Pavelski in neutral zone.
17:13 of 2nd period - Ethan Moreau is hit by Joe Pavelski and loses puck.
17:27 of 2nd period - Shot by Christopher Higgins.
17:27 of 2nd period - Shot Misses the Net.
17:29 of 2nd period - Shot by Joe Pavelski.
17:29 of 2nd period - Stopped by Ondrej Pavelec without a rebound.
17:30 of 2nd period - Chris Drury wins face-off versus Aaron Gagnon in Kings zone.
19:01 of 2nd period - Shot by Michal Rozsival.
19:01 of 2nd period - Shot Blocked by Jay Pandolfo.
19:09 of 2nd period - Shot by Joe Pavelski.
19:09 of 2nd period - Shot Blocked by Bryan Allen.
19:11 of 2nd period - Shot by Christopher Higgins.
19:11 of 2nd period - Shot Misses the Net.
19:13 of 2nd period - Shot by Joe Pavelski.
19:13 of 2nd period - Stopped by Ondrej Pavelec without a rebound.
19:14 of 2nd period - Chris Drury wins face-off versus Matt Duchene in Kings zone.
19:14 of 2nd period - Chris Drury is hit by Michael Del Zotto.
19:24 of 2nd period - Shot by Michael Del Zotto.
19:24 of 2nd period - Stopped by Ilya Bryzgalov without a rebound.
19:25 of 2nd period - Craig Conroy wins face-off versus Joe Pavelski in Wild zone.
19:25 of 2nd period - Craig Conroy is hit by Michal Rozsival.

Period #3

0:01 of 3rd period - Matt Duchene wins face-off versus Chris Drury in neutral zone.
0:41 of 3rd period - Daniel Alfredsson is hit by Bryan Allen and loses puck.
1:07 of 3rd period - Icing by Michal Rozsival.
1:08 of 3rd period - Joe Pavelski wins face-off versus Craig Adams in Wild zone.
1:12 of 3rd period - Icing by Joe Pavelski.
1:13 of 3rd period - Craig Conroy wins face-off versus Joe Pavelski in Wild zone.
1:13 of 3rd period - Craig Conroy is hit by Michal Rozsival.
1:23 of 3rd period - Shot by Joe Pavelski.
1:23 of 3rd period - Shot Blocked by Mike Lundin.
1:27 of 3rd period - Shot by Ryan Whitney.
1:27 of 3rd period - Shot Misses the Net.
1:29 of 3rd period - Shot by Ryan Whitney.
1:29 of 3rd period - Shot Misses the Net.
1:58 of 3rd period - Minor Penalty to Chris Chelios for Roughing.
1:59 of 3rd period - Olli Jokinen wins face-off versus Daniel Winnik in Kings zone.
2:16 of 3rd period - Shot by Jan Hejda.
2:16 of 3rd period - Shot Blocked by Craig Adams.
2:23 of 3rd period - Icing by Freddy Meyer.
2:24 of 3rd period - Matt Duchene wins face-off versus Olli Jokinen in Wild zone.
2:50 of 3rd period - Daniel Alfredsson is hit by Craig Adams.
3:12 of 3rd period - Shot by Joe Pavelski.
3:12 of 3rd period - Shot Misses the Net.
3:30 of 3rd period - Shot by Ryan Whitney.
3:30 of 3rd period - Shot Blocked by Bryan Allen.
3:57 of 3rd period - Shot by Daniel Alfredsson.
3:57 of 3rd period - Stopped by Ondrej Pavelec without a rebound.
3:58 of 3rd period - Rob Niedermayer wins face-off versus Craig Conroy in Kings zone.
4:04 of 3rd period - Craig Adams is hit by Aaron Ward and loses puck.
4:12 of 3rd period - Icing by Freddy Meyer.
4:13 of 3rd period - Rob Niedermayer wins face-off versus Aaron Gagnon in Wild zone.
4:17 of 3rd period - Freddy Meyer is hit by Bryan Allen and loses puck.
4:21 of 3rd period - Brian Willsie is hit by Bryan Allen and loses puck.
4:41 of 3rd period - Icing by Jamie McBain.
4:42 of 3rd period - Chris Drury wins face-off versus Aaron Gagnon in Kings zone.
5:17 of 3rd period - Shot by Kent Huskins.
5:17 of 3rd period - Shot Blocked by Greg Zanon.
5:19 of 3rd period - Shot by Matt Duchene.
5:19 of 3rd period - Shot Misses the Net.
5:21 of 3rd period - Shot by Daniel Winnik.
5:21 of 3rd period - Deflect By Ethan Moreau.
5:21 of 3rd period - Stopped by Ilya Bryzgalov without a rebound.
5:22 of 3rd period - Craig Conroy wins face-off versus Joe Pavelski in Wild zone.
5:29 of 3rd period - Shot by Milan Hejduk.
5:29 of 3rd period - Stopped by Ondrej Pavelec without a rebound.
5:30 of 3rd period - Joe Pavelski wins face-off versus Craig Conroy in Kings zone.
5:33 of 3rd period - Shot by Milan Hejduk.
5:33 of 3rd period - Shot Misses the Net.
5:35 of 3rd period - Shot by Joe Pavelski.
5:35 of 3rd period - Shot Misses the Net.
5:39 of 3rd period - Shot by Milan Hejduk.
5:39 of 3rd period - Stopped by Ondrej Pavelec without a rebound.
5:40 of 3rd period - Rob Niedermayer wins face-off versus Matt Duchene in Kings zone.
5:43 of 3rd period - Shot by Rob Niedermayer.
5:43 of 3rd period - Stopped by Ondrej Pavelec with a rebound.
6:03 of 3rd period - Shot by Michael Del Zotto.
6:03 of 3rd period - Stopped by Ilya Bryzgalov without a rebound.
6:04 of 3rd period - Joe Pavelski wins face-off versus Craig Conroy in Wild zone.
6:34 of 3rd period - Shot by Craig Conroy.
6:34 of 3rd period - Shot Blocked by Michal Rozsival.
6:36 of 3rd period - Shot by Craig Adams.
6:36 of 3rd period - Deflect By Byron Bitz.
6:36 of 3rd period - Shot Misses the Net.
6:40 of 3rd period - Shot by Craig Conroy.
6:40 of 3rd period - Deflect By Byron Bitz.
6:40 of 3rd period - Stopped by Ilya Bryzgalov without a rebound.
6:41 of 3rd period - Chris Drury wins face-off versus Aaron Gagnon in Wild zone.
6:41 of 3rd period - Chris Drury is hit by Colton Orr.
7:33 of 3rd period - Minor Penalty to Colton Orr for Interference.
7:34 of 3rd period - Joe Pavelski wins face-off versus Daniel Winnik in Kings zone.
7:59 of 3rd period - Shot by Martin St. Louis.
7:59 of 3rd period - Stopped by Ondrej Pavelec with a rebound.
8:40 of 3rd period - Shot by Daniel Alfredsson.
8:40 of 3rd period - Stopped by Ondrej Pavelec with a rebound.
8:44 of 3rd period - Shot by Daniel Alfredsson.
8:44 of 3rd period - Stopped by Ondrej Pavelec without a rebound.
8:45 of 3rd period - Olli Jokinen wins face-off versus Daniel Winnik in Kings zone.
8:46 of 3rd period - Shot by Robert Lang.
8:46 of 3rd period - Stopped by Ondrej Pavelec without a rebound.
8:47 of 3rd period - Daniel Winnik wins face-off versus Olli Jokinen in Kings zone.
8:47 of 3rd period - Daniel Winnik is hit by Christopher Higgins.
8:54 of 3rd period - Christopher Higgins is hit by Craig Adams and loses puck.
9:29 of 3rd period - Matt Duchene is hit by Olli Jokinen.
9:50 of 3rd period - Shot by Rob Niedermayer.
9:50 of 3rd period - Shot Misses the Net.
9:52 of 3rd period - Shot by Rob Niedermayer.
9:52 of 3rd period - Shot Misses the Net.
9:54 of 3rd period - Shot by Rob Niedermayer.
9:54 of 3rd period - Deflect By Brian Willsie.
9:54 of 3rd period - Stopped by Ondrej Pavelec without a rebound.
9:55 of 3rd period - Chris Drury wins face-off versus Aaron Gagnon in Kings zone.
10:20 of 3rd period - Minor Penalty to Greg Zanon for Holding.
10:21 of 3rd period - Rob Niedermayer wins face-off versus Matt Duchene in Wild zone.
10:30 of 3rd period - Michal Rozsival is hit by Daniel Winnik and loses puck.
11:10 of 3rd period - Ryan Whitney is hit by Ethan Moreau and loses puck.
13:33 of 3rd period - Icing by Mike Lundin.
13:34 of 3rd period - Chris Drury wins face-off versus Craig Conroy in Kings zone.
14:41 of 3rd period - Icing by Craig Conroy.
14:42 of 3rd period - Craig Conroy wins face-off versus Joe Pavelski in Kings zone.
14:42 of 3rd period - Craig Conroy is hit by Christopher Higgins.
14:48 of 3rd period - Shot by Joe Pavelski.
14:48 of 3rd period - Stopped by Ondrej Pavelec with a rebound.
14:50 of 3rd period - Shot by Christopher Higgins.
14:50 of 3rd period - Shot Misses the Net.
14:52 of 3rd period - Shot by Christopher Higgins.
14:52 of 3rd period - Shot Misses the Net.
14:54 of 3rd period - Shot by Ryan Whitney.
14:54 of 3rd period - Shot Misses the Net.
14:58 of 3rd period - Shot by Joe Pavelski.
14:58 of 3rd period - Stopped by Ondrej Pavelec without a rebound.
14:59 of 3rd period - Matt Duchene wins face-off versus Chris Drury in Kings zone.
14:59 of 3rd period - Matt Duchene is hit by Greg Zanon.
15:08 of 3rd period - Minor Penalty to Sean Bergenheim for Tripping.
15:09 of 3rd period - Matt Duchene wins face-off versus Joe Pavelski in Kings zone.
15:22 of 3rd period - Shot by Milan Hejduk.
15:22 of 3rd period - Shot Misses the Net.
15:36 of 3rd period - Shot by Joe Pavelski.
15:36 of 3rd period - Stopped by Ondrej Pavelec without a rebound.
15:37 of 3rd period - Matt Duchene wins face-off versus Olli Jokinen in Kings zone.
17:30 of 3rd period - Shot by Brian Willsie.
17:30 of 3rd period - Shot Misses the Net.
17:36 of 3rd period - Rob Niedermayer is hit by Sean Bergenheim and loses puck.
18:02 of 3rd period - Sean Bergenheim is hit by Michal Rozsival and loses puck.
19:41 of 3rd period - Kent Huskins is hit by Chris Drury and loses puck.


Output by the SimonT Hockey Simulator (STHS) for Stephane Roy -- Original Page W3C XHTML 1.0 Valid